[Event "Early Titled Tuesday Blitz | February 8 2022"]
[White "Yushko, Olga"]
[Black "Tymrakiewicz, Rafal"]
[WhiteFideId "14114500"]
[BlackFideId "1108832"]
[WhiteElo "2028"]
[BlackElo "2205"]
[Result "1-0"]
[Round "06"]
[TimeControl "180+1"]
[Date "2022.02.08"]
[WhiteClock "0:00:10"]
[BlackClock "0:00:01"]

1. d4 Nf6 2. c4 g6 3. Nc3 Bg7 4. Nf3 O-O 5. Bg5 c5 6. e3 cxd4 7. exd4 d5 8. Be2 Nc6 9. O-O Ne4 10. Be3 Nxc3 11. bxc3 b6 12. cxd5 Qxd5 13. Qb3 Qxb3 14. axb3 Rd8 15. Rfd1 Bb7 16. h3 e5 17. d5 Ne7 18. c4 Nf5 19. Bg5 f6 20. Bd2 Bf8 21. Bc3 Nd6 22. Nd2 a5 23. Bf3 Bg7 24. Re1 Re8 25. b4 axb4 26. Bxb4 Nf5 27. Be4 Nd4 28. Rxa8 Rxa8 29. d6 Bxe4 30. Nxe4 f5 31. Nc3 e4 32. Nd5 Nc2 33. Rb1 Be5 34. d7 Kf7 35. Be7 Na3 36. Rxb6 Nxc4 37. Rb1 Nd2 38. Rd1 e3 39. fxe3 Nc4 40. d8=Q Rxd8 41. Bxd8 Ke6 42. Nf4+ Kf7 43. Rd3 1-0


[Site "https://www.chess.com"]

[Event "Early Titled Tuesday Blitz | February 8 2022"]
[White "Zanette, Edgard Vinicius"]
[Black "Stefanov, Plamen"]
[WhiteFideId "2109263"]
[BlackFideId "2900980"]
[WhiteElo "2182"]
[BlackElo "2137"]
[Result "1-0"]
[Round "06"]
[TimeControl "180+1"]
[Date "2022.02.08"]
[WhiteClock "0:00:27"]
[BlackClock "0:00:10"]

1. e4 d5 2. exd5 Nf6 3. Bb5+ Bd7 4. Bc4 Bg4 5. f3 Bc8 6. Nc3 Nbd7 7. Bb3 Nb6 8. Nge2 Nfxd5 9. Nxd5 Nxd5 10. d4 c6 11. O-O g6 12. c4 Nb6 13. Be3 Bg7 14. Qd2 O-O 15. Rad1 Qc7 16. Rfe1 Rd8 17. Bh6 c5 18. Bxg7 Kxg7 19. d5 a5 20. a3 a4 21. Ba2 Nd7 22. Nc3 Nf6 23. Nb5 Qd7 24. Qe3 b6 25. Qxe7 Ba6 26. Qxd7 Rxd7 27. Nc3 Re8 28. Rxe8 Nxe8 29. Nxa4 Nd6 30. b3 Rb7 31. Bb1 Kf8 32. Kf2 Ke7 33. Re1+ Kd8 34. Bc2 b5 35. Nxc5 Ra7 36. cxb5 Bxb5 37. a4 Rc7 38. b4 Bd7 39. Bb3 Nb7 40. Rc1 Nxc5 41. bxc5 Rb7 42. Rc3 Rb4 43. c6 Bc8 44. d6 f5 45. g3 Ba6 46. Be6 Rxa4 47. c7+ Ke8 48. d7+ Ke7 49. d8=Q+ Kxe6 50. Re3+ Kf7 51. Re7+ Kf6 52. Qd6+ Kg5 53. h4+ Kh5 54. g4+ Kh6 55. g5+ Kh5 56. Rxh7# 1-0


[Site "https://www.chess.com"]

[Event "Early Titled Tuesday Blitz | February 8 2022"]
[White "Zarnicki, Pablo"]
[Black "Bugayev, Vladimir"]
[WhiteFideId "100137"]
[BlackFideId "30901480"]
[WhiteElo "2467"]
[BlackElo "2365"]
[Result "0-1"]
[Round "06"]
[TimeControl "180+1"]
[Date "2022.02.08"]
[WhiteClock "0:00:14"]
[BlackClock "0:00:14"]

1. e4 c6 2. d4 d5 3. exd5 cxd5 4. c4 Nf6 5. Nc3 Nc6 6. Bg5 e6 7. Nf3 Bb4 8. a3 Be7 9. Bd3 h6 10. Bh4 dxc4 11. Bxc4 O-O 12. O-O a6 13. Ba2 b5 14. Rc1 Bb7 15. Qd3 Nd5 16. Bb1 f5 17. Bxe7 Ncxe7 18. Rfe1 Nxc3 19. bxc3 Bd5 20. Ne5 Qa5 21. Nd7 Rf7 22. Nc5 Rf6 23. Bc2 Rd8 24. a4 Bc4 25. Qf3 Bd5 26. Qg3 Rg6 27. Qh4 Rxg2+ 28. Kf1 Ng6 29. Qh5 Nf4 30. Qh4 Bc4+ 31. Bd3 Rg4 32. Qe7 Nxd3 33. Nxe6 Nf4+ 34. Re2 Bxe2+ 35. Ke1 Nxe6 36. Qxe6+ Kh8 37. Qxf5 Rg1+ 38. Kxe2 Rxc1 39. Qc5 Qxc3 40. Qb6 Rc2+ 41. Kf1 Qd3+ 42. Kg2 Qe4+ 43. Kg3 Qxd4 44. Qe6 Qxf2+ 45. Kg4 Rd4+ 46. Kh5 Rc5+ 47. Kg6 Qf6+ 48. Qxf6 gxf6 49. a5 Ra4 50. h4 Rxa5 51. h5 b4 52. Kxh6 b3 53. Kg6 b2 54. h6 b1=Q+ 55. Kf7 Qb7+ 56. Kf8 Rc8# 0-1


[Site "https://www.chess.com"]

[Event "Early Titled Tuesday Blitz | February 8 2022"]
[White "Aaditya Dhingra"]
[Black "Bodnaruk, Anastasia"]
[WhiteFideId "25678191"]
[BlackFideId "4181751"]
[WhiteElo "1789"]
[BlackElo "2393"]
[Result "0-1"]
[Round "07"]
[TimeControl "180+1"]
[Date "2022.02.08"]
[WhiteClock "0:00:49"]
[BlackClock "0:02:16"]

1. c4 e5 2. Nc3 d6 3. g3 Nc6 4. Bg2 g6 5. e3 Bg7 6. Nge2 f5 7. O-O Nf6 8. d4 O-O 9. Rb1 e4 10. b4 g5 11. b5 Na5 12. Qa4 b6 13. d5 Nd7 14. Nd4 Ne5 15. Nc6 Nexc6 16. dxc6 Bxc3 17. Rd1 Qf6 18. c5 dxc5 19. Ba3 Be6 20. Rbc1 Rad8 21. Qc2 Be5 0-1


[Site "https://www.chess.com"]

[Event "Early Titled Tuesday Blitz | February 8 2022"]
[White "Abdusattorov, Nodirbek"]
[Black "Costachi, Mihnea"]
[WhiteFideId "14204118"]
[BlackFideId "1217518"]
[WhiteElo "2663"]
[BlackElo "2464"]
[Result "1-0"]
[Round "07"]
[TimeControl "180+1"]
[Date "2022.02.08"]
[WhiteClock "0:00:06"]
[BlackClock "0:00:10"]

1. e4 e5 2. Nf3 Nc6 3. Bb5 a6 4. Ba4 d6 5. O-O Bd7 6. c3 g6 7. d4 Bg7 8. h3 Nf6 9. Re1 O-O 10. Nbd2 Re8 11. Bc2 b5 12. Nf1 Na5 13. Ng3 c5 14. d5 Nc4 15. b3 Nb6 16. a4 h6 17. a5 Nc8 18. Be3 Rf8 19. Qd2 Kh7 20. Nh2 Ng8 21. Rf1 Qh4 22. Nf3 Qe7 23. Rae1 f5 24. exf5 gxf5 25. Nh2 Qh4 26. Ne2 Nce7 27. f4 e4 28. Rd1 Nf6 29. c4 b4 30. Qe1 Qh5 31. Rf2 Rg8 32. Nf1 Bh8 33. Neg3 Qh4 34. Re2 Nh5 35. Nxh5 Qxh5 36. Kh2 Bf6 37. Bf2 Rg7 38. Ne3 Rag8 39. g3 Bd4 40. Rdd2 Bc3 41. Bd1 Qg6 42. Qf1 Bxd2 43. Rxd2 h5 44. h4 Be8 45. Be1 Qf6 46. Rg2 Qd4 47. Qe2 Qa1 48. Bd2 Qxa5 49. Bc1 Bg6 50. Bb2 Rf7 51. Bc2 Qa2 52. Nd1 Qa5 53. Nf2 Qd8 54. Nh3 Rgf8 55. Ng5+ Kg8 56. Bb1 Nc8 57. Ba1 Rf6 58. Ne6 Qe7 59. Qb2 R8f7 60. Qa2 Rxe6 61. dxe6 Qxe6 62. Qxa6 e3 63. Qa2 Kh7 64. Qb2 Qe8 65. Re2 d5 66. Rxe3 Qf8 67. cxd5 Nd6 68. Qe5 Ne4 69. Bxe4 fxe4 70. d6 Rd7 71. Re2 Rxd6 72. f5 Bxf5 73. Rf2 e3 74. Rxf5 Rd2+ 75. Kh3 Qg8 76. Qe7+ Kh6 77. Rf6+ Qg6 78. Rxg6+ Kxg6 79. Qf6+ Kh7 80. Qg7# 1-0


[Site "https://www.chess.com"]

[Event "Early Titled Tuesday Blitz | February 8 2022"]
[White "Aditya Mittal"]
[Black "Gracia Alvarez, Gerardo Antonio"]
[WhiteFideId "35042025"]
[BlackFideId "5109124"]
[WhiteElo "2287"]
[BlackElo "2139"]
[Result "1-0"]
[Round "07"]
[TimeControl "180+1"]
[Date "2022.02.08"]
[WhiteClock "0:00:23"]
[BlackClock "0:00:20"]

1. d4 Nf6 2. c4 c5 3. d5 b5 4. cxb5 a6 5. bxa6 g6 6. Nc3 Bxa6 7. e4 Bxf1 8. Kxf1 d6 9. g3 Bg7 10. Kg2 O-O 11. Nf3 Qb6 12. a4 Na6 13. Qe2 Nc7 14. Ra3 Rfb8 15. Rd1 Qa6 16. Qc2 Nd7 17. Bg5 h6 18. Bxe7 Re8 19. Nb5 Nxb5 20. axb5 Qb6 21. Rxa8 Rxa8 22. Nd2 Ne5 23. f4 Ng4 24. Nc4 Qxb5 25. Re1 Qb4 26. Re2 Ra4 27. b3 Ra1 28. h3 Nf6 29. Bxd6 Nh5 30. Be5 Bxe5 31. fxe5 Qb8 32. Qb2 Rd1 33. d6 Rd3 34. Re3 Rd4 35. Qf2 Qb7 36. Qf3 Ng7 37. Rd3 Ne6 38. Rxd4 Nxd4 39. Qd3 Nxb3 40. d7 1-0


[Site "https://www.chess.com"]

[Event "Early Titled Tuesday Blitz | February 8 2022"]
[White "Aggelis, Nikolaos"]
[Black "Viani Antonio Dcunha"]
[WhiteFideId "4213220"]
[BlackFideId "5027330"]
[WhiteElo "2154"]
[BlackElo "2366"]
[Result "0-1"]
[Round "07"]
[TimeControl "180+1"]
[Date "2022.02.08"]
[WhiteClock "0:00:02"]
[BlackClock "0:00:13"]

1. d4 Nf6 2. g3 g6 3. Bg2 Bg7 4. Nf3 O-O 5. O-O d6 6. b3 Nc6 7. Bb2 Bg4 8. h3 Bxf3 9. Bxf3 e5 10. Bxc6 bxc6 11. dxe5 Nd7 12. c4 Nxe5 13. Qd2 Rb8 14. Nc3 Qf6 15. Rab1 Rfe8 16. Kg2 h5 17. Ne4 Qf5 18. f3 d5 19. cxd5 cxd5 20. Qxd5 Rbd8 21. Qa5 h4 22. g4 Nxg4 23. Qxf5 Ne3+ 24. Kf2 Nxf5 25. Bxg7 Kxg7 26. Rfd1 Nd4 27. Rd2 f5 28. Nc5 Kf6 29. Rbd1 Nc6 30. Na6 Rxd2 31. Rxd2 Re7 32. e3 f4 33. e4 Ne5 34. Rc2 Rd7 35. Nb4 Rd1 36. Nd5+ Kg5 37. Ke2 Rh1 38. Nxc7 Rxh3 39. Ne6+ Kf6 40. Nxf4 Rxf3 41. Nd5+ Kg5 42. Rc7 Rg3 43. Rh7 Rg2+ 44. Kf1 Rxa2 45. Nc3 Rc2 46. Nd5 Nf3 47. Ne3 Ra2 48. Nd5 Kg4 49. Nf6+ Kg3 50. Nh5+ gxh5 51. Rg7+ Kf4 52. e5 Ke3 0-1


[Site "https://www.chess.com"]

[Event "Early Titled Tuesday Blitz | February 8 2022"]
[White "Alavkin, Arseny"]
[Black "Visakh N R"]
[WhiteFideId "4120612"]
[BlackFideId "25012223"]
[WhiteElo "2391"]
[BlackElo "2454"]
[Result "0-1"]
[Round "07"]
[TimeControl "180+1"]
[Date "2022.02.08"]
[WhiteClock "0:00:54"]
[BlackClock "0:00:41"]

1. d4 Nf6 2. c4 c5 3. d5 e6 4. Nc3 exd5 5. cxd5 d6 6. Nf3 g6 7. h3 Bg7 8. Bf4 O-O 9. e3 Re8 10. Nd2 Nbd7 11. Bxd6 Nb6 12. Bxc5 Nfxd5 13. Nxd5 Nxd5 14. Ba3 Nxe3 15. fxe3 Qh4+ 16. Ke2 Bh6 17. Qb3 Bxe3 18. Qxe3 Bf5 19. Bc5 Rxe3+ 20. Bxe3 Re8 21. g4 Qg3 22. gxf5 Rxe3+ 23. Kd1 Re1+ 24. Kc2 Rxa1 25. fxg6 Qxg6+ 26. Bd3 Qc6+ 0-1


[Site "https://www.chess.com"]

[Event "Early Titled Tuesday Blitz | February 8 2022"]
[White "Alghamdi, Ahmed M"]
[Black "Johnson, Ben"]
[WhiteFideId "21500150"]
[BlackFideId "2010917"]
[WhiteElo "2110"]
[BlackElo "2154"]
[Result "1-0"]
[Round "07"]
[TimeControl "180+1"]
[Date "2022.02.08"]
[WhiteClock "0:00:08"]
[BlackClock "0:00:05"]

1. e4 c5 2. Nf3 Nc6 3. Bb5 g6 4. O-O Bg7 5. Re1 e5 6. Bxc6 dxc6 7. h3 Qe7 8. d3 Nf6 9. a3 O-O 10. b4 cxb4 11. axb4 Rd8 12. Bb2 Ne8 13. Nbd2 Nc7 14. Nc4 f6 15. Qd2 Be6 16. Na5 Nb5 17. c4 Nd6 18. Qc2 Rac8 19. Nb3 b6 20. c5 Nb5 21. Ra6 Kh8 22. cxb6 axb6 23. Rxb6 Qxb4 24. Nc5 Bf7 25. Rb1 Bf8 26. Nb7 Rd7 27. Bxe5 Qe7 28. Ba1 Rxb7 29. Rxb7 Qxb7 30. Bxf6+ Bg7 31. Bxg7+ Kxg7 32. d4 Kg8 33. Qc5 Qd7 34. d5 Na7 35. d6 Nb5 36. Ne5 Qe6 37. Nxc6 Nd4 38. Qxd4 Rxc6 39. Rd1 Qd7 40. Qf6 Rc8 41. Qe7 Re8 42. Qf6 Re6 43. Qd4 h6 44. e5 Kh7 45. Qf4 Re8 46. Qf6 Be6 47. Rc1 Qg7 48. Rc7 Qxc7 49. dxc7 Bg8 50. Qe7+ Bf7 51. c8=Q Rxe7 52. Qd8 Ra7 53. Qf6 Kg8 54. Kh2 Ra6 55. Qe7 Re6 56. Qd8+ Re8 57. Qd4 Kh7 58. f4 Re6 59. h4 Kg8 60. h5 Re8 61. hxg6 Bxg6 62. Qd5+ Bf7 63. Qf3 Re6 64. Qg4+ Rg6 65. Qf5 Kg7 66. Qe4 Be6 67. f5 Bxf5 68. Qxf5 Rg5 69. Qf6+ Kh7 70. e6 Rh5+ 71. Kg1 Ra5 72. Qf7+ 1-0


[Site "https://www.chess.com"]

[Event "Early Titled Tuesday Blitz | February 8 2022"]
[White "Alinasab, Mobina"]
[Black "Al Mukhaini, Shima"]
[WhiteFideId "12528897"]
[BlackFideId "22005854"]
[WhiteElo "2061"]
[BlackElo "2399"]
[Result "1-0"]
[Round "07"]
[TimeControl "180+1"]
[Date "2022.02.08"]
[WhiteClock "0:00:39"]
[BlackClock "0:00:08"]

1. e4 d5 2. exd5 Nf6 3. Nc3 Nxd5 4. Bc4 c6 5. Qf3 Nf6 6. h3 Nbd7 7. d4 e5 8. Qe2 Qe7 9. Nf3 exd4 10. Nxd4 Qxe2+ 11. Ncxe2 Ne5 12. Bb3 Bd6 13. Bf4 O-O 14. O-O-O Bc7 15. c3 a5 16. Rhe1 a4 17. Bc2 Nd5 18. Bg3 f6 19. a3 Bb6 20. Nf4 Re8 21. Nxd5 cxd5 22. Nb5 Bd7 23. Nd6 Re6 24. Nf5 g6 25. Nd4 Ree8 26. Kb1 Bc6 27. Nxc6 bxc6 28. f4 Nc4 29. Rxe8+ Rxe8 30. Bxa4 Re2 31. Bxc6 Rxb2+ 32. Ka1 Rxg2 33. Bxd5+ Kg7 34. Bxg2 Ne3 35. Rd7+ Kh6 36. Be4 Nf1 37. Be1 f5 38. Bd3 Ne3 39. Kb1 Ng2 40. Bd2 Bc5 41. a4 Nh4 42. Be2 Nf3 43. Bxf3 1-0


[Site "https://www.chess.com"]

[Event "Early Titled Tuesday Blitz | February 8 2022"]
[White "Allahverdiyeva, Ayan"]
[Black "Lehtosaari, Mauri"]
[WhiteFideId "13412590"]
[BlackFideId "501999"]
[WhiteElo "1910"]
[BlackElo "2462"]
[Result "0-1"]
[Round "07"]
[TimeControl "180+1"]
[Date "2022.02.08"]
[WhiteClock "0:00:05"]
[BlackClock "0:00:12"]

1. e4 c5 2. Nf3 e6 3. d4 cxd4 4. Nxd4 Qb6 5. Nb3 Qc7 6. Nc3 a6 7. g3 Nf6 8. Bg2 Nc6 9. O-O d6 10. Re1 Be7 11. f4 O-O 12. Kh1 Rb8 13. g4 e5 14. g5 Ng4 15. Rf1 exf4 16. Nd5 Qd8 17. Rxf4 Nge5 18. h4 Be6 19. Be3 Ng6 20. Qh5 Nxf4 21. Nxf4 Ne5 22. Nxe6 fxe6 23. Nd4 Qe8 24. Qe2 Qg6 25. Bh3 Qxe4+ 26. Kh2 Qxh4 27. Rg1 Rbe8 28. Nxe6 Nf3+ 29. Kg2 Nxg1 30. Bxg1 Bxg5 31. Qd3 Bf6 32. Bf2 Qh5 33. Nxf8 Rxf8 34. Bg3 Be5 35. Be6+ Kh8 36. Bd5 Qg5 37. c4 Qxg3+ 38. Qxg3 Bxg3 39. Kxg3 b6 40. b3 g6 41. a4 Kg7 42. Bb7 a5 43. Bd5 Kf6 0-1


[Site "https://www.chess.com"]

[Event "Early Titled Tuesday Blitz | February 8 2022"]
[White "Aloma Vidal, Robert"]
[Black "Eynullayev, Altay"]
[WhiteFideId "2260409"]
[BlackFideId "13413562"]
[WhiteElo "2435"]
[BlackElo "2079"]
[Result "1-0"]
[Round "07"]
[TimeControl "180+1"]
[Date "2022.02.08"]
[WhiteClock "0:01:58"]
[BlackClock "0:01:45"]

1. e4 c5 2. c3 Nf6 3. e5 Nd5 4. Nf3 e6 5. Bc4 d6 6. exd6 Bxd6 7. O-O O-O 8. d4 Nc6 9. Bg5 Be7 10. Bxe7 Qxe7 11. Bxd5 exd5 12. Re1 Qd6 13. dxc5 Qxc5 14. Nbd2 Bg4 15. Qa4 Bh5 16. Ne5 Rfe8 17. Nxc6 bxc6 18. Nb3 Qd6 19. Nd4 Rec8 20. Nf5 Qf6 21. Ne7+ Kh8 22. Nxc8 Rxc8 23. Qa6 Rd8 24. Qxa7 h6 25. Qe7 1-0


[Site "https://www.chess.com"]

[Event "Early Titled Tuesday Blitz | February 8 2022"]
[White "Andreikin, Dmitry"]
[Black "Alekseev, Evgeny"]
[WhiteFideId "4158814"]
[BlackFideId "4138147"]
[WhiteElo "2736"]
[BlackElo "2589"]
[Result "1-0"]
[Round "07"]
[TimeControl "180+1"]
[Date "2022.02.08"]
[WhiteClock "0:00:48"]
[BlackClock "0:00:03"]

1. c4 c5 2. Nc3 Nc6 3. g3 g6 4. Bg2 Bg7 5. d3 e6 6. e4 Nge7 7. Nge2 d6 8. O-O O-O 9. Rb1 b6 10. Be3 Nd4 11. e5 Rb8 12. exd6 Qxd6 13. Nxd4 cxd4 14. Ne4 Qd7 15. Bh6 Bb7 16. Bxg7 Kxg7 17. b4 Rbc8 18. Re1 h6 19. Qb3 Rfd8 20. Qa3 Ba8 21. Qb2 Nf5 22. a4 Ne7 23. b5 Qc7 24. Ra1 Ng8 25. a5 Bxe4 26. Rxe4 Nf6 27. Re2 Qd6 28. Bc6 Ng4 29. Qa3 Qxa3 30. Rxa3 Kf6 31. axb6 axb6 32. Ra6 Rb8 33. Ra7 Ne5 34. Rxe5 Kxe5 35. Rxf7 Rf8 36. Rd7 Rfd8 37. Rh7 Rh8 38. Ra7 Kd6 39. Be4 g5 40. Kg2 Rhf8 41. f3 Kc5 42. Kh3 Kb4 43. Kg4 Kc3 44. Kh5 Rf6 45. Rh7 Kd2 46. Rxh6 Rxh6+ 47. Kxh6 Rh8+ 48. Kxg5 Rxh2 49. Kf4 1-0


[Site "https://www.chess.com"]

[Event "Early Titled Tuesday Blitz | February 8 2022"]
[White "Arabidze, Meri"]
[Black "Praggnanandhaa R"]
[WhiteFideId "13604040"]
[BlackFideId "25059530"]
[WhiteElo "2329"]
[BlackElo "2599"]
[Result "0-1"]
[Round "07"]
[TimeControl "180+1"]
[Date "2022.02.08"]
[WhiteClock "0:00:02"]
[BlackClock "0:00:05"]

1. Nf3 Nf6 2. g3 g6 3. Bg2 Bg7 4. O-O O-O 5. d4 d6 6. a4 a5 7. Re1 Nc6 8. e4 e5 9. d5 Ne7 10. Nc3 Ne8 11. h3 h6 12. Nh4 f5 13. exf5 gxf5 14. f4 Kh7 15. Be3 Nf6 16. fxe5 dxe5 17. Bc5 Ne8 18. Nb5 Nd6 19. Qh5 b6 20. Ba3 Qd7 21. Rad1 Ba6 22. c4 Rae8 23. b3 Bxb5 24. cxb5 Bf6 25. Bc1 Bg7 26. Nf3 Ne4 27. Rxe4 fxe4 28. Ng5+ Kg8 29. Ne6 Rf6 30. Bxe4 Nc8 31. Qg4 Nd6 32. Bg6 Re7 33. Bd3 Qe8 34. h4 Kh8 35. h5 Qg8 36. Bg6 Nf7 37. Be3 Nd8 38. Nxg7 Qxg7 39. Qe4 Nf7 40. Re1 Nd6 41. Qd3 Kg8 42. Qd2 Nf5 43. Rf1 Nxe3 44. Qxe3 Rxf1+ 45. Kxf1 Qf6+ 46. Kg2 Kg7 47. Qe4 Qd6 48. Qf3 Qf6 49. Qe4 Rd7 50. Bf5 Rd8 51. Be6 Rf8 52. Qg4+ Kh8 53. Qe2 Qg5 54. Qd3 Qf6 55. Qe2 e4 56. Qxe4 Qf1+ 57. Kh2 Rf2+ 0-1


[Site "https://www.chess.com"]

[Event "Early Titled Tuesday Blitz | February 8 2022"]
[White "Aradhya, Garg"]
[Black "Samunenkov, Ihor"]
[WhiteFideId "25006746"]
[BlackFideId "14187086"]
[WhiteElo "2169"]
[BlackElo "2406"]
[Result "0-1"]
[Round "07"]
[TimeControl "180+1"]
[Date "2022.02.08"]
[WhiteClock "0:01:12"]
[BlackClock "0:00:52"]

1. d4 d5 2. c4 e6 3. Nc3 a6 4. cxd5 exd5 5. Nf3 Nf6 6. Qb3 h6 7. e4 Nxe4 8. Nxe4 dxe4 9. Ne5 Be6 10. Qxb7 Bd5 11. Qxa8 Bxa8 12. Bc4 Bd5 13. O-O Be7 14. Be3 O-O 15. Rac1 Bxc4 16. Rxc4 Bd6 17. Rfc1 Nd7 18. Nc6 Qh4 19. g3 Qh5 20. d5 Nf6 21. h4 Qxd5 22. a4 Ng4 23. Rd4 Qe6 24. Bd2 e3 25. Bxe3 Nxe3 26. Re1 Bc5 27. Rxe3 Qxc6 28. Rc3 Qb6 29. Rf4 Bd6 30. Rff3 Qxb2 31. Rc4 Re8 32. Kg2 Re2 33. h5 Be5 34. Rc6 Bd4 35. Rxc7 Rxf2+ 36. Rxf2 Qxf2+ 37. Kh3 Be5 38. Rc8+ Kh7 39. Rc3 Bxc3 40. Kg4 Be5 41. a5 f5+ 42. Kh3 Qxg3# 0-1


[Site "https://www.chess.com"]

[Event "Early Titled Tuesday Blitz | February 8 2022"]
[White "Ashwin, Jayaram"]
[Black "Politov, Pavel Y."]
[WhiteFideId "5018137"]
[BlackFideId "24110515"]
[WhiteElo "2461"]
[BlackElo "2090"]
[Result "0-1"]
[Round "07"]
[TimeControl "180+1"]
[Date "2022.02.08"]
[WhiteClock "0:00:02"]
[BlackClock "0:00:05"]

1. e4 c5 2. Nf3 d6 3. c3 Nc6 4. d4 cxd4 5. cxd4 Nf6 6. Nc3 e6 7. Bg5 Be7 8. Bd3 O-O 9. O-O b6 10. e5 dxe5 11. dxe5 Nd7 12. Bxe7 Qxe7 13. Qe2 Bb7 14. Qe4 g6 15. h4 Ncxe5 16. Qxb7 Nxd3 17. Rad1 Rfb8 18. Qe4 N7c5 19. Qe2 Rd8 20. g3 Rac8 21. a3 Qf6 22. Rd2 Nxb2 23. Nb5 Rxd2 24. Nxd2 Rd8 25. Nxa7 Rd3 26. Nc6 Rxa3 27. Rb1 Nbd3 28. Rxb6 Ra1+ 29. Kg2 Re1 30. Qf3 Qxf3+ 31. Nxf3 Re2 32. Ncd4 Rxf2+ 33. Kg1 Ra2 34. Ng5 Kg7 35. Rc6 Ra1+ 36. Kg2 Ra4 37. Ndf3 Ne4 38. Rc7 Nd6 39. Rd7 Ra6 40. Nd4 h6 41. Ngf3 e5 0-1


[Site "https://www.chess.com"]

[Event "Early Titled Tuesday Blitz | February 8 2022"]
[White "Atakhan, Abtin"]
[Black "Baches Garcia, Guillermo"]
[WhiteFideId "22502203"]
[BlackFideId "2209764"]
[WhiteElo "2119"]
[BlackElo "2456"]
[Result "1-0"]
[Round "07"]
[TimeControl "180+1"]
[Date "2022.02.08"]
[WhiteClock "0:01:38"]
[BlackClock "0:00:37"]

1. e4 c5 2. Nc3 d6 3. d4 cxd4 4. Qxd4 Nc6 5. Qd2 g6 6. b3 Bg7 7. Bb2 Nf6 8. O-O-O O-O 9. f3 a6 10. g4 b5 11. h4 b4 12. Na4 Be6 13. Nh3 Ne5 14. Be2 Qc7 15. Kb1 Rfc8 16. Nf4 Bd7 17. g5 Nh5 18. Nd5 Qd8 19. Nab6 Ng3 20. Rhg1 Nxe2 21. Qxe2 Bb5 22. Qf2 a5 23. Nxa8 Rxa8 24. f4 Nc6 25. Bxg7 Kxg7 26. Qb6 Qxb6 27. Nxb6 Rb8 28. Nd5 a4 29. Rd2 Kf8 30. h5 e6 31. Nf6 Ke7 32. h6 a3 33. Nxh7 e5 34. Nf6 Nd4 35. h7 Nf3 36. Ng8+ 1-0


[Site "https://www.chess.com"]

[Event "Early Titled Tuesday Blitz | February 8 2022"]
[White "Atzl, Florian"]
[Black "Domingo Nunez, Alejandro"]
[WhiteFideId "1635891"]
[BlackFideId "22245561"]
[WhiteElo "2085"]
[BlackElo "2215"]
[Result "0-1"]
[Round "07"]
[TimeControl "180+1"]
[Date "2022.02.08"]
[WhiteClock "0:00:20"]
[BlackClock "0:00:52"]

1. e4 g6 2. d4 Bg7 3. Be2 c6 4. h4 h5 5. Bg5 d5 6. e5 c5 7. c3 Nc6 8. Nf3 Bg4 9. Nbd2 Nh6 10. Qb3 Rb8 11. Bb5 O-O 12. Qa3 Qb6 13. Qxc5 Qxc5 14. dxc5 Nxe5 15. Bxe7 Rfe8 16. Bxe8 Rxe8 17. Nxe5 Rxe7 18. f4 f6 19. O-O fxe5 20. fxe5 Nf5 21. Nf3 Bxe5 22. Rad1 Ne3 23. Rde1 Nxf1 24. Nxe5 Ng3 25. Kh2 Nf5 26. b4 Kg7 27. a4 Kf6 28. Nd3 Rxe1 29. Nxe1 d4 30. cxd4 Nxd4 31. Nd3 Bd1 32. Nb2 Bb3 33. a5 Kf5 34. Nd3 Ke4 35. Nf2+ Kd5 36. Nd3 Ne6 37. Kg3 Bc2 38. Nf4+ Nxf4 39. Kxf4 Kc4 40. Ke5 Kxb4 41. Kd6 Kxa5 42. c6 bxc6 43. Kxc6 Kb4 44. Kd5 a5 45. Ke5 a4 46. Kf6 a3 47. Kg5 a2 48. Kh6 a1=Q 49. g4 Qh8+ 50. Kg5 hxg4 51. Kf4 Qh5 52. Kg3 g5 53. hxg5 Qxg5 54. Kh2 Qe3 55. Kg2 Be4+ 56. Kf1 Qd2 57. Kg1 Qg2# 0-1


[Site "https://www.chess.com"]

[Event "Early Titled Tuesday Blitz | February 8 2022"]
[White "Avila Pavas, Santiago"]
[Black "Vokhidov, Shamsiddin"]
[WhiteFideId "4437128"]
[BlackFideId "14204223"]
[WhiteElo "2242"]
[BlackElo "2611"]
[Result "1-0"]
[Round "07"]
[TimeControl "180+1"]
[Date "2022.02.08"]
[WhiteClock "0:00:40"]
[BlackClock "0:00:20"]

1. d4 Nf6 2. Nf3 d5 3. Bf4 c5 4. e3 Nc6 5. Nbd2 Nh5 6. Bg5 f6 7. Bh4 g6 8. Be2 cxd4 9. Nxd4 Nxd4 10. exd4 Nf4 11. O-O Bh6 12. Bf3 O-O 13. Bg3 e5 14. dxe5 fxe5 15. Nb3 Be6 16. Re1 Qd6 17. c4 e4 18. cxd5 exf3 19. dxe6 Qxd1 20. Raxd1 Nxg2 21. e7 Rfe8 22. Re4 Bg5 23. Nd4 Bxe7 24. Nxf3 Bf6 25. Rxe8+ Rxe8 26. Kxg2 Re2 27. Rd2 Rxd2 28. Nxd2 Bxb2 29. Nc4 Bd4 30. Kf3 a6 31. Ke4 Bc3 32. Kd5 b5 33. Nd6 Kf8 34. Kc6 Bd4 35. Kb7 Ke7 36. Kxa6 b4 37. Kb5 Bc3 38. Ne4 Ke6 39. Kc4 1-0


[Site "https://www.chess.com"]

[Event "Early Titled Tuesday Blitz | February 8 2022"]
[White "Barp, Alberto"]
[Black "Hansen, Eric"]
[WhiteFideId "872555"]
[BlackFideId "2606771"]
[WhiteElo "2229"]
[BlackElo "2568"]
[Result "0-1"]
[Round "07"]
[TimeControl "180+1"]
[Date "2022.02.08"]
[WhiteClock "0:00:10"]
[BlackClock "0:00:15"]

1. d4 Nf6 2. c4 e6 3. Nf3 b6 4. g3 Ba6 5. b3 Bb4+ 6. Bd2 Be7 7. Bg2 c6 8. O-O O-O 9. Qc2 d5 10. Rd1 Nbd7 11. Bc1 Rc8 12. Bb2 Qc7 13. Nbd2 Rfd8 14. Rac1 Qb8 15. e4 b5 16. e5 Ne8 17. c5 b4 18. h4 Nc7 19. Ng5 Bxg5 20. hxg5 Be2 21. Re1 Bh5 22. Nf1 a5 23. Ne3 Nb5 24. f4 Bg6 25. Qd2 Nc3 26. Bxc3 bxc3 27. Qxc3 Qb4 28. g4 f6 29. gxf6 gxf6 30. f5 Bf7 31. exf6 Nxf6 32. g5 Ne4 33. Qxb4 axb4 34. Bxe4 dxe4 35. Red1 Bh5 36. Rd2 Kf7 37. Nc4 exf5 38. Nd6+ Ke6 39. Nxc8 Rxc8 40. Kf2 f4 41. Kg2 Kd5 42. Rf2 Rf8 43. Rcf1 f3+ 44. Kg3 e3 45. Rxf3 Rxf3+ 46. Rxf3 Bxf3 47. Kxf3 Kxd4 48. Ke2 Ke4 49. Ke1 Kd3 50. Kd1 e2+ 51. Ke1 Ke3 52. g6 hxg6 53. a3 bxa3 54. b4 a2 55. b5 a1=Q# 0-1


[Site "https://www.chess.com"]

[Event "Early Titled Tuesday Blitz | February 8 2022"]
[White "Barrientos, Sergio E"]
[Black "Silich, Yahor"]
[WhiteFideId "4401824"]
[BlackFideId "13513656"]
[WhiteElo "2441"]
[BlackElo "2101"]
[Result "1-0"]
[Round "07"]
[TimeControl "180+1"]
[Date "2022.02.08"]
[WhiteClock "0:02:27"]
[BlackClock "0:00:01"]

1. d4 Nf6 2. Nf3 g6 3. g3 Bg7 4. Bg2 O-O 5. O-O d6 6. a4 a5 7. Nc3 Nbd7 8. e4 e5 9. h3 c6 10. Re1 Qc7 11. b3 Re8 12. Ba3 Bf8 13. Qd3 b6 14. Rad1 Bb7 15. dxe5 dxe5 16. Bxf8 Nxf8 17. Qd6 Qxd6 18. Rxd6 Kg7 19. Red1 Re7 20. Nd2 N6d7 21. Nc4 f6 22. h4 Rc8 23. Bh3 Rc7 24. f4 exf4 25. gxf4 Nc5 26. Nxb6 Nxe4 27. Nxe4 Rxe4 28. R1d4 Rce7 29. Rxe4 Rxe4 30. Nd7 Bc8 31. Nxf6 Rxf4 32. Ne8+ Kf7 33. Bxc8 Kxe8 34. Rxc6 Rxh4 35. Rc5 Kd8 36. Rxa5 Rd4 37. Ra8 g5 38. Bf5+ Ke7 39. a5 Rf4 40. Bd3 Nd7 41. a6 Rg4+ 42. Kf2 Nb6 43. Rh8 Kd6 44. a7 Rf4+ 45. Ke1 h5 46. Rxh5 g4 47. Rh6+ Kc5 48. Rxb6 1-0


[Site "https://www.chess.com"]